 Dungeon Crawl Stone Soup version 0.25-a0-341-g6f074c887a (webtiles) character file.

Game seed: 15772223247524039770, levelgen mode: deterministic

29 Gargoyl the Skirmisher (level 3, 0/31 HPs)
             Began as a Centaur Abyssal Knight on Dec 30, 2019.
             Was a Follower of Lugonu.
             Killed from afar by an orc wizard (6 damage)
             ... with a magic dart
             ... on level 1 of the Dungeon.
             The game lasted 00:01:41 (1199 turns).

Gargoyl the Skirmisher (Centaur Abyssal Knight)     Turns: 1199, Time: 00:01:41

Health: 0/31       AC:  7    Str: 14    XL:     3   Next: 1%
Magic:  4/4        EV:  4    Int: 11    God:    Lugonu [*.....]
Gold:   73         SH:  0    Dex:  9    Spells: 2/2 levels left

rFire    . . .     SeeInvis .   a - +1 hand axe
rCold    . . .     Gourm    .   (no shield)
rNeg     . . .     Faith    .   d - +0 chain mail
rPois    .         Spirit   .   (no helmet)
rElec    .         Reflect  .   (no cloak)
rCorr    .         Harm     .   (no gloves)
MR       .....                  (no barding)
Stlth    ..........             (no amulet)
HPRegen  0.10/turn              (no ring)
MPRegen  0.09/turn              (no ring)

@: very slightly contaminated, invisible, very quick
A: large, hooves 3, deformed body, speed 2, tough skin 3
a: Depart the Abyss, Renounce Religion


You were on level 1 of the Dungeon.
You worshipped Lugonu.
Lugonu was aware of your devotion.
You were not hungry.

You visited 1 branch of the dungeon, and saw 2 of its levels.
You visited the Abyss 1 time.

You collected 73 gold pieces.

Inventory:

Hand Weapons
 a - a +1 hand axe (weapon)
Armour
 b - a +0 leather armour
 d - a +0 chain mail (worn)
Scrolls
 f - a scroll of remove curse {unknown}
 g - 3 scrolls of identify {unknown}
Comestibles
 c - 4 rations


   Skills:
 + Level 3.5 Fighting
 + Level 2.0 Axes
 * Level 1.7 Armour
 * Level 1.0 Dodging
 * Level 2.1 Invocations


You had 2 spell levels left.
You didn't know any spells.
Your spell library was empty.

Dungeon Overview and Level Annotations

Branches:
Dungeon (2/15)

Altars:


Innate Abilities, Weirdness & Mutations

You have hooves in place of feet.
Armour fits poorly on your strangely shaped body.
You cover ground very quickly.
You have extremely tough skin. (AC +3)


Message History

It was a potion of invisibility.
You fade into invisibility!
Something hits you but does no damage.
You hear some strange, mumbled words.
A puff of frost appears from out of thin air!
The puff of frost hits you.
* * * LOW HITPOINT WARNING * * *
You are very lightly contaminated with residual magic.
It was a potion of curing.
You feel better. Something completely misses you.
You closely miss something. You kick something.
Something hits you but does no damage.
You hear some strange, mumbled words.
A magic dart appears from out of thin air!
The magic dart hits you.
* * * LOW HITPOINT WARNING * * *
You closely miss something. Something hits you but does no damage.
You hear some strange, mumbled words.
A magic dart appears from out of thin air!
The magic dart hits you.
You die...

#..........#.###...
#####...########.# #...
#...........#....# #...
#..........##.#### #...
#..........##.# #...
#.........###.# #...
#.........+...#######..
#........[####....###..
#.....@)...............
#.....{...####.#.......
#.........####.#.....#.
###...........##†#.###.#.
##.............##.#.# #.#.
#..............##.#.# #.#.
#..............##.#.###.#.
##.......##.....##.#...#.#.
#........#########.#.....#.


There were no monsters in sight!

Vanquished Creatures
  A leopard gecko (D:1)
  2 orcs (D:2)
  3 giant cockroaches (D:1)
  4 goblins (D:1)
  3 hobgoblins (D:1)
  A ball python (D:1)
  4 bats (D:1)
  2 frilled lizards
  3 kobolds (D:1)
  4 rats (D:1)
27 creatures vanquished.

Notes
Turn   | Place    | Note
-------+----------+-------------------------------------------
     0 | Abyss:1  | Gargoyl the Centaur Abyssal Knight began the quest for the
                  | Orb.
     0 | Abyss:1  | Reached XP level 1. HP: 19/19 MP: 2/2
   125 | Abyss:1  | Noticed a ynoxinul
   170 | Abyss:1  | Noticed a smoke demon
   219 | Abyss:1  | Noticed a large abomination
   261 | Abyss:1  | Noticed a raiju
   263 | D:1      | Escaped the Abyss
   276 | D:1      | Reached * piety under Lugonu
   599 | D:1      | Reached XP level 2. HP: 26/26 MP: 3/3
  1172 | D:2      | Reached skill level 1 in Dodging
  1176 | D:2      | Reached XP level 3. HP: 19/31 MP: 4/4
  1199 | D:1      | Killed from afar by an orc wizard

Levels and vault maps discovered:
D:1:      minmay_arrival_four_circles, layout_basic
D:2:      layout_rooms, nicolae_gozag_cash_rules_everything_around_me,
          lemuel_crystal_altar, grunt_temple_overflow_open,
          minmay_tree_intersection, minmay_large_rounded_square

Skill      XL: |  1  2 |
---------------+-------+-----
Axes           | 2 |  2.0
Dodging        | 1 |  1.0
Fighting       | |  3.5
Armour         | |  1.7
Invocations    | |  2.1

Action                   || total
-------------------------++-------
Melee: Hand axe          ||    76
       Kick              ||    16
Invok: Depart the Abyss  ||     1
  Use: Potion            ||     3
Armor: Chain mail        ||    60
Dodge: Dodged            ||    12

Table legend:
 A = Non-vault XP
 B = Vault XP
 C = Vault XP percentage of total XP
 D = Non-vault monster count
 E = Vault monster count
 F = Vault count percentage of total count
                 A         B        C        D         E       F
            +---------+---------+-------+---------+---------+-------
      Total |      42 |       0 |   0.0 |      27 |       0 |   0.0
            +---------+---------+-------+---------+---------+-------
        D:1 |      35 |       0 |   0.0 |      24 |       0 |   0.0
        D:2 |       7 |       0 |   0.0 |       3 |       0 |   0.0
            +---------+---------+-------+---------+---------+-------
